 Dungeon Crawl Stone Soup version 0.30-a0-557-ge2afbf3030 (webtiles) character file.

Game seed: 2014926116258718513

71701 cforsyth the Devastator (level 14, -5/107 HPs)
             Began as a Red Draconian Conjurer on Dec 28, 2022.
             Was an Elder of Vehumet.
             Slain by a two-headed ogre
             ... wielding a +0 giant club
              (17 damage)
             ... on level 2 of the Orcish Mines.
             The game lasted 01:41:11 (38434 turns).

cforsyth the Devastator (Red Draconian Conjurer)   Turns: 38434, Time: 01:41:12

Health: -5/107     AC: 12    Str: 10    XL:     14   Next: 98%
Magic:  4/33       EV: 19    Int: 27    God:    Vehumet [****..]
Gold:   1285       SH:  5    Dex: 16    Spells: 28/43 levels left

rFire   + + .      SeeInvis +    U - +8 trident of Fury {elec, *Noise rElec Will++ SInv Stlth+}
rCold   + . .      Faith    .    (no shield)
rNeg    + . .      Spirit   .    (body armour unavailable)
rPois   +          Reflect  +    i - +2 hat
rElec   +          Harm     .    n - +1 cloak
rCorr   .          Rampage  .    (no gloves)
Will    +++..                    (no boots)
Stlth   +++                      B - amulet of reflection
HPRegen 0.37/turn                q - ring of positive energy
MPRegen 0.23/turn                O - ring "Puetseff" {rElec rF+ rC+ Int+4 Dex+6}

@: no status effects
A: breathe fire, AC +8, unfitting armour, fire resistance 1, cold-blooded,
poison resistance
a: Breathe Fire, Renounce Religion


You were on level 2 of the Orcish Mines.
You worshipped Vehumet.
Vehumet was greatly pleased with you.
You visited 4 branches of the dungeon, and saw 20 of its levels.
You also visited: Ossuary and Ice Cave.

You collected 1411 gold pieces.
You spent 126 gold pieces at shops.

Inventory:

Hand Weapons
 U - the +8 trident of Fury (weapon) {elec, *Noise rElec Will++ SInv Stlth+}
   (You found it on level 3 of the Lair of Beasts)

   It occasionally discharges a powerful burst of electricity upon striking a
   foe.
   rElec:     It insulates you from electricity.
   SInv:      It lets you see invisible.
   *Noise:    It may make noises in combat.
   Will:      It greatly increases your willpower.
   Stlth:     It makes you more stealthy.
Missiles
 p - 4 throwing nets
Armour
 i - a +2 hat (worn)
 n - a +1 cloak (worn)
Magical Staves
 e - a staff of conjuration
Jewellery
 q - a ring of positive energy (left hand)
 t - a ring of see invisible
 B - an amulet of reflection (around neck)
 I - a +4 ring of slaying
 M - the ring "Jeimihus" {rPois rF+ MP+9}
   (You took it off a centaur on level 10 of the Dungeon)

   [ring of magical power]

   rF:        It protects you from fire.
   rPois:     It protects you from poison.
   MP:        It affects your magic capacity (+9).
 N - the ring of Melee {EV+4 Str+4 Int+3}
   (You took it off a centaur warrior on level 10 of the Dungeon)

   [ring of evasion]

   EV:        It affects your evasion (+4).
   Str:       It affects your strength (+4).
   Int:       It affects your intelligence (+3).
 O - the ring "Puetseff" (right hand) {rElec rF+ rC+ Int+4 Dex+6}
   (You took it off an orc knight on level 10 of the Dungeon)

   [ring of dexterity]

   Int:       It affects your intelligence (+4).
   Dex:       It affects your dexterity (+6).
   rF:        It protects you from fire.
   rC:        It protects you from cold.
   rElec:     It insulates you from electricity.
 P - the ring of Dissent {rCorr Str+4 Dex+6}
   (You took it off a gnoll sergeant on level 10 of the Dungeon)

   [ring of dexterity]

   Str:       It affects your strength (+4).
   Dex:       It affects your dexterity (+6).
   rCorr:     It protects you from acid and corrosion.
 R - a ring of ice
Wands
 h - a wand of iceblast (9)
 k - a wand of light (6)
 r - a wand of mindburst (13)
 w - a wand of flame (35)
 F - a wand of charming (5)
 S - a wand of digging (3)
Scrolls
 d - 14 scrolls of identify
 f - 5 scrolls of immolation
 j - 21 scrolls of teleportation
 l - 6 scrolls of amnesia
 m - 4 scrolls of enchant armour
 o - 3 scrolls of blinking
 x - 2 scrolls of brand weapon
 y - a scroll of poison
 C - a scroll of butterflies
 E - 5 scrolls of magic mapping
 J - 2 scrolls of enchant weapon
 L - a scroll of fear
 T - a scroll of fog
Potions
 a - 4 potions of magic
 b - 2 potions of attraction
 c - 3 potions of curing
 g - 2 potions of berserk rage
 s - 3 potions of flight
 u - 2 potions of resistance
 v - 2 potions of ambrosia
 z - 2 potions of brilliance
 A - 6 potions of lignification
 D - 2 potions of might
 G - 3 potions of heal wounds
 H - 3 potions of mutation
 K - 2 potions of cancellation
 Q - a potion of haste


   Skills:
 - Level 5.0 Fighting
 - Level 12.0 Dodging
 - Level 1.8 Stealth
 - Level 15.0 Spellcasting
 - Level 16.1 Conjurations
 - Level 5.0 Hexes
 + Level 3.4 Fire Magic


You had 28 spell levels left.
You knew the following spells:

 Your Spells              Type           Power      Damage    Failure   Level
a - Magic Dart            Conj           100%       1d8       0%          1
b - Fulminant Prism       Conj/Hex       33%        3d15      1%          4
c - Iskenderun's Mystic   Conj/Tloc      59%        2d12      1%          4
d - Iron Shot             Conj/Erth      29%        9d6       4%          6

Your spell library contained the following spells:

 Spells                   Type           Power      Damage    Failure   Level
 Searing Ray              Conj           100%       2d8       0%          2
 Poisonous Vapours        Pois/Air       40%        N/A       1%          2
 Dazzling Flash           Conj/Hex       100%       N/A       1%          3
 Inner Flame              Hex/Fire       42%        N/A       1%          3
 Mephitic Cloud           Conj/Pois/Air  49%        N/A       1%          3
 Frozen Ramparts          Ice            40%        1d7       2%          3
 Blink                    Tloc           40%        N/A       3%          2
 Cigotuvi's Dreadful Rot  Necr/Pois/Air  40%        N/A       3%          2
 Passwall                 Tmut/Erth      16%        N/A       3%          2
 Wereblood                Tmut           20%        N/A       3%          2
 Cause Fear               Hex            23%        N/A       3%          4
 Yara's Violent Unravell  Hex/Tmut       16%        3d8       7%          5
 Ice Form                 Ice/Tmut       20%        N/A       26%         4
 Manifold Assault         Tloc           20%        N/A       26%         4
 Summon Ice Beast         Ice/Summ       20%        N/A       26%         4
 Summon Lightning Spire   Summ/Air       20%        N/A       26%         4
 Silence                  Hex/Air        16%        N/A       26%         5
 Agony                    Necr           20%        N/A       56%         5
 Eringya's Noxious Bog    Tmut/Pois      10%        N/A       65%         6
 Enfeeble                 Hex            23%        N/A       95%         7
 Storm Form               Tmut/Air       10%        N/A       100%        7
 Discord                  Hex            23%        N/A       100%        8
 Animate Armour           Summ/Erth      Unusable   N/A       N/A         4

Dungeon Overview and Level Annotations

Branches:
Dungeon (12/15)            Temple (1/1) D:7            Lair (5/5) D:9
  Swamp (0/4) Lair:3       Spider (0/4) Lair:3        Slime (0/5) Lair:5
    Orc (2/2) D:12        Ossuary (visited)           IceCv (visited)
    Elf: Orc:2

Altars:
Ashenzari
Cheibriados
Dithmenos
Elyvilon
Fedhas
Gozag
Hepliaklqana
Kikubaaqudgha
Makhleb
Nemelex Xobeh
Okawaru
Qazlal
Ru
Sif Muna
Trog
Uskayaw
Vehumet
Wu Jian
Xom
Yredelemnul
Zin
The Shining One
Jiyva
Lugonu

Shops:
D:4 [   D:8 *   D:9 !   D:12 *


Innate Abilities, Weirdness & Mutations

You can breathe blasts of fire.
Your fiery red scales are hard. (AC +8)
You cannot fit into any form of body armour.
Your flesh is heat resistant. (rF+)
You are cold-blooded and may be slowed by cold attacks.
Your system is resistant to poisons. (rPois)


Message History

The two-headed ogre barely misses you. The two-headed ogre closely misses you.
The ogre mage misses you. The two-headed ogre misses you.
The two-headed ogre hits you with a +0 giant club!!
Your fulminant prism explodes!
The blast of energy engulfs the two-headed ogre!!
The two-headed ogre is almost dead.
The blast of energy engulfs the two-headed ogre!!
The two-headed ogre is almost dead.
The blast of energy engulfs the ogre!!
You kill the ogre!
Vehumet accepts your kill.
You feel your power returning.
The blast of energy engulfs the ogre mage!!
The ogre mage is severely wounded.
You hear a shout! x3; You hear two shouts!
You hear a shout!
You hear two shouts!
Casting: Magic Dart (safe; 0% risk of failure)
Confirm with . or Enter, or press ? or * to list all spells.
Aiming: Fulminant Prism (safe; 1% risk of failure)
Press: ? - help, Dir - move target, p - two-headed ogre You conjure a prism of explosive energy!
A fulminant prism comes into view.
The two-headed ogre closely misses you. x2
The two-headed ogre barely misses you. x2; The ogre misses you.
The ogre mage barely misses you.
Unknown command.
Casting: Fulminant Prism (safe; 1% risk of failure)
Confirm with . or Enter, or press ? or * to list all spells.
Aiming: Iron Shot (dangerous; 4% risk of failure)
Press: ? - help, Shift-Dir - straight line, f - two-headed ogre
Aim: a two-headed ogre, wielding two +0 giant clubs (moderately wounded, 86% to hit)
The iron shot hits the two-headed ogre!!
The two-headed ogre is almost dead.
The two-headed ogre misses you.
The two-headed ogre hits you with a +0 giant spiked club!!
* * * LOW HITPOINT WARNING * * *
The two-headed ogre hits you with a +0 giant club.
* * * LOW HITPOINT WARNING * * *
The two-headed ogre hits you with a +0 giant club!
You die...

####.......
##..#.......
#.......... ..
###........# .).
#.........# #)).
#........###.(..
#.OO........$#
#@O*........#.. #.
##O......$..#o.
#..##.O.........#..
.#....O..##......#
.....O...#.......#
........###.)....#
.#....### .......#.
#...# ........#o.
#..# ........###


You could see 3 two-headed ogres, an ogre mage, an ogre (fast) and a friendly
fulminant prism.

Vanquished Creatures
  A minotaur (Lair:1)
  Harold (Orc:1)
  5 hydras
  Fannar (D:11)
  3 centaur warriors (D:10)
  An ogre mage (D:10)
  A radroach (shapeshifter) (D:10)
  3 catoblepae
  6 two-headed ogres
  A tengu warrior (D:10)
  A deep troll shaman (Lair:5)
  6 boulder beetles
  13 death yaks
  The ghost of snackwell the Slicer, a journeyman VSFi of Uskayaw (Lair:1)
  The ghost of Atlas the Thaumaturge, a novice DsFE of Vehumet (D:9)
  A skeletal warrior (D:10)
  A swamp dragon (shapeshifter) (D:10)
  3 lindwurms
  An orc knight (D:10)
  2 manticores (D:12)
  An orc sorcerer (Orc:2)
  7 elephants
  8 black mambas
  2 cyclopes
  2 ugly things
  3 ice statues (IceCv)
  A torpor snail (Lair:3)
  11 cane toads
  An unseen horror (D:11)
  3 rime drakes
  A freezing wraith (IceCv)
  Maggie (D:6)
  10 komodo dragons
  5 trolls
  4 polar bears (Lair:5)
  3 hornets
  A slime creature (D:10)
  7 dream sheep
  7 blink frogs
  Grinder (D:4)
  3 culicivoras (Lair:3)
  2 vampires
  A shadow (D:10)
  2 wraiths
  A dire elephant simulacrum (IceCv)
  52 yaks
  4 wyverns
  Grum (D:9)
  5 basilisks
  A death yak simulacrum (IceCv)
  A steam dragon (Lair:3)
  2 wargs (Orc:1)
  A hydra simulacrum (IceCv)
  Edmund (D:4)
  17 water moccasins
  2 acid dragons
  7 orc warriors
  An ice beast (D:7)
  2 black bears
  A sky beast (D:6)
  2 ogres (Orc:2)
  2 phantoms
  13 centaurs
  22 wolves
  3 kobold brigands
  19 bullfrogs
  Blork the orc (D:5)
  3 scorpions
  2 necrophages
  3 gnoll sergeants
  3 cane toad simulacra (IceCv)
  5 wights (D:6)
  5 killer bees (D:10)
  6 electric eels
  2 howler monkeys (D:10)
  5 hounds
  Crazy Yiuf (D:4)
  2 gnoll boudas
  7 orc priests
  A jelly (D:6)
  4 iguanas
  12 orc wizards
  2 polar bear simulacra (IceCv)
  A mummy (D:8)
  16 gnolls
  5 adders
  A shadow imp (D:7)
  13 white imps
  An ufetubus (D:5)
  4 worms
  3 dart slugs
  46 orcs
  7 ball pythons
  4 bats
  10 endoplasms
  3 giant cockroaches
  7 goblins
  4 hobgoblins
  5 jackals
  11 kobolds
  2 quokkas
  4 frilled lizards
  A hobgoblin zombie (D:8)
  3 orc zombies (D:8)
  5 rats
520 creatures vanquished.

Vanquished Creatures (others)
  557 fulminant prisms
  90 fungi
  139 plants
786 creatures vanquished.

Grand Total: 1306 creatures vanquished

Notes
Turn   | Place    | Note
-------+----------+-------------------------------------------
     0 | D:1      | cforsyth the Draconian Conjurer began the quest for the
                  | Orb.
     0 | D:1      | Reached XP level 1. HP: 14/14 MP: 3/3
    73 | D:1      | Found a faded altar of an unknown god.
   303 | D:1      | Reached XP level 2. HP: 20/20 MP: 1/5
  1820 | D:2      | Reached XP level 3. HP: 26/26 MP: 0/7
  2360 | D:2      | Reached XP level 4. HP: 25/33 MP: 0/8
  2584 | D:2      | Reached skill level 5 in Conjurations
  3728 | D:3      | Reached XP level 5. HP: 38/38 MP: 8/10
  3983 | D:4      | Identified a scroll of acquirement
  3983 | D:4      | Acquired a staff of conjuration
  4017 | D:4      | Found a sand-covered staircase.
  4026 | Ossuary  | Entered an ossuary
  4115 | D:4      | Found Eguxt's Armour Boutique.
  4377 | D:4      | Noticed Grinder
  4385 | D:4      | Paralysed by Grinder for 5 turns
  4394 | D:4      | Paralysed by Grinder for 3 turns
  4403 | D:4      | Paralysed by Grinder for 3 turns
  4417 | D:4      | Killed Grinder
  4418 | D:4      | Reached XP level 6. HP: 21/45 MP: 0/12
  4423 | D:4      | Learned a level 4 spell: Fulminant Prism
  4602 | D:4      | Identified the +6 short sword "Lateff" {pain, rCorr Int+2}
  4938 | D:4      | Found a sacrificial altar of Ru.
  4941 | D:4      | Noticed Edmund
  4969 | D:4      | Gained mutation: Your magical capacity is low. (-10% MP)
                  | [potion of mutation]
  4969 | D:4      | Gained mutation: You are clumsy. (Dex -2) [potion of
                  | mutation]
  4969 | D:4      | Gained mutation: You are robust. (+10% HP) [potion of
                  | mutation]
  4973 | D:4      | Killed Edmund
  5216 | D:4      | Found a runed translucent door.
  5217 | D:4      | Noticed Crazy Yiuf
  5450 | D:4      | Reached skill level 6 in Conjurations
  5816 | D:4      | Your scales start taking on a fiery red colour.
  5816 | D:4      | Reached XP level 7. HP: 47/55 MP: 4/12
  5816 | D:4      | Gained mutation: Your flesh is heat resistant. (rF+) [Red
                  | Draconian growth]
  5996 | D:5      | Entered Level 5 of the Dungeon
  5997 | D:5      | Lost mutation: You are robust. (+10% HP) [potion of
                  | mutation]
  5997 | D:5      | Lost mutation: Your magical capacity is low. (-10% MP)
                  | [potion of mutation]
  5997 | D:5      | Lost mutation: You are clumsy. (Dex -2) [potion of
                  | mutation]
  5997 | D:5      | Gained mutation: You are frail. (-10% HP) [potion of
                  | mutation]
  5997 | D:5      | Gained mutation: Your tail ends in a venomous barb. [potion
                  | of mutation]
  6272 | D:5      | Found a white marble altar of Elyvilon.
  6358 | D:5      | Reached skill level 5 in Spellcasting
  6609 | D:5      | Noticed Blork the orc
  6626 | D:5      | Killed Blork the orc
  7615 | D:6      | Noticed Maggie
  7635 | D:6      | Killed Maggie
  7636 | D:6      | Reached skill level 7 in Conjurations
  7636 | D:6      | Reached XP level 8. HP: 26/51 MP: 6/16
  9064 | D:6      | Reached skill level 5 in Hexes
  9265 | D:6      | Reached skill level 8 in Conjurations
 10006 | D:6      | Lost mutation: You are frail. (-10% HP) [potion of
                  | mutation]
 10006 | D:6      | Lost mutation: Your tail ends in a venomous barb. [potion
                  | of mutation]
 10006 | D:6      | Gained mutation: Your system is resistant to poisons.
                  | (rPois) [potion of mutation]
 10243 | D:6      | Learned a level 4 spell: Iskenderun's Mystic Blast
 10301 | D:6      | Reached XP level 9. HP: 62/62 MP: 11/19
 11303 | D:7      | Found a bloodstained altar of Trog.
 11311 | D:7      | Reached skill level 9 in Conjurations
 12343 | D:7      | Found a staircase to the Ecumenical Temple.
 12367 | Temple   | Entered the Ecumenical Temple
 13214 | D:8      | Found Raecyfiwk's Assorted Antiques.
 14171 | D:9      | Noticed a two-headed ogre
 14175 | D:9      | Reached skill level 10 in Conjurations
 14180 | D:9      | Killed a two-headed ogre
 14181 | D:9      | Reached XP level 10. HP: 53/69 MP: 8/23
 14664 | D:9      | Noticed a two-headed ogre
 14794 | D:9      | Noticed Grum
 14854 | D:9      | Reached skill level 11 in Conjurations
 15142 | D:9      | Found a shimmering altar of Xom.
 15378 | D:9      | Found a staircase to the Lair.
 15395 | D:9      | Killed Grum
 15624 | D:9      | Killed a two-headed ogre
 15625 | D:9      | Reached skill level 10 in Spellcasting
 16108 | D:9      | Found Sara's Distillery.
 16277 | D:9      | Found a radiant altar of Vehumet.
 16278 | D:9      | Found a sparkling altar of Nemelex Xobeh.
 16279 | D:9      | Found a blossoming altar of Fedhas.
 16280 | D:9      | Found an iron altar of Okawaru.
 16280 | D:9      | Found a basalt altar of Yredelemnul.
 16281 | D:9      | Noticed Atlas's ghost (novice DsFE)
 16283 | D:9      | Found a hazy altar of Hepliaklqana.
 16283 | D:9      | Found a large runed translucent door.
 16283 | D:9      | Found a large runed translucent door.
 16284 | D:9      | Found an opulent altar of Gozag.
 16506 | D:10     | Entered Level 10 of the Dungeon
 16636 | D:10     | Found a snail-covered altar of Cheibriados.
 16639 | D:10     | Found a burning altar of Makhleb.
 16874 | D:10     | Found an ornate altar of the Wu Jian Council.
 16931 | D:9      | Became a worshipper of Vehumet
 17005 | D:10     | Noticed a two-headed ogre
 17010 | D:10     | Noticed a two-headed ogre
 17014 | D:10     | Killed a two-headed ogre
 17020 | D:10     | Killed a two-headed ogre
 17021 | D:10     | Reached skill level 5 in Dodging
 17021 | D:10     | Reached XP level 11. HP: 74/74 MP: 2/25
 17551 | D:10     | Identified the +9 hand axe of Ule Kuak {heavy, Int+2
                  | Stlth+}
 17552 | D:10     | Identified the ring "Jeimihus" {rPois rF+ MP+9}
 17857 | D:10     | Identified the ring of Melee {EV+4 Str+4 Int+3}
 17857 | D:10     | Noticed a centaur warrior
 17860 | D:10     | Noticed a tengu warrior
 17862 | D:10     | Noticed an ogre mage
 17881 | Lair:1   | Entered Level 1 of the Lair of Beasts
 18628 | Lair:1   | Reached * piety under Vehumet
 18628 | Lair:1   | Offered knowledge of Kiss of Death by Vehumet.
 19392 | Lair:1   | Found a runed translucent gate.
 19392 | Lair:1   | Found a runed translucent gate.
 19392 | Lair:1   | Found a runed translucent gate.
 19392 | Lair:1   | Noticed snackwell's ghost (journeyman VSFi)
 19392 | Lair:1   | Noticed a boulder beetle
 19393 | Lair:1   | Noticed a minotaur
 20087 | Lair:2   | Noticed a five-headed hydra
 20102 | Lair:2   | Killed a five-headed hydra
 20180 | Lair:2   | Noticed a death yak
 20748 | Lair:2   | Reached skill level 10 in Dodging
 20773 | Lair:2   | Killed a death yak
 20774 | Lair:2   | Reached XP level 12. HP: 60/81 MP: 5/26
 21114 | Lair:2   | Identified the +1 robe of Fortitude {Str+3}
 21218 | Lair:2   | Offered knowledge of Shock by Vehumet.
 21519 | Lair:2   | Reached ** piety under Vehumet
 22603 | Lair:3   | Found a staircase to the Swamp.
 23008 | Lair:3   | Noticed a catoblepas
 23352 | Lair:3   | Noticed a death yak
 23611 | Lair:3   | Killed a death yak
 23718 | Lair:3   | Identified the +8 trident of Fury {elec, *Noise rElec
                  | Will++ SInv Stlth+}
 23724 | Lair:3   | Noticed a boulder beetle
 23724 | Lair:3   | Noticed a catoblepas
 23724 | Lair:3   | Noticed a death yak
 23745 | Lair:3   | Killed a catoblepas
 23786 | Lair:3   | Killed a boulder beetle
 24142 | Lair:3   | Found a hole to the Spider Nest.
 24247 | Lair:3   | Noticed an eight-headed hydra
 24353 | Lair:3   | Killed an eight-headed hydra
 24530 | Lair:3   | Killed a catoblepas
 24538 | Lair:3   | Killed a death yak
 24539 | Lair:3   | Reached XP level 13. HP: 69/86 MP: 4/31
 25624 | Lair:3   | Offered knowledge of Stone Arrow by Vehumet.
 26883 | Lair:4   | Reached skill level 15 in Spellcasting
 27030 | Lair:4   | Reached *** piety under Vehumet
 27240 | Lair:4   | Identified the +4 falchion of Sagicel {flame, Int+2}
 27543 | Lair:5   | Entered Level 5 of the Lair of Beasts
 27852 | Lair:5   | Offered knowledge of Ignite Poison by Vehumet.
 27868 | Lair:5   | Found a frozen archway.
 27881 | IceCv    | Entered an ice cave
 27904 | IceCv    | Reached **** piety under Vehumet
 29328 | Lair:5   | Reached skill level 1 in Fighting
 29330 | Lair:5   | Offered knowledge of Iskenderun's Battlesphere by Vehumet.
 29928 | Lair:5   | Got the Handbook of Creation and Sculpting
 30320 | Lair:5   | Found a viscous altar of Jiyva.
 30320 | Lair:5   | Found a staircase to the Slime Pits.
 30332 | Lair:5   | Reached skill level 5 in Fighting
 30339 | Lair:5   | Reached skill level 12 in Conjurations
 30848 | Lair:5   | Reached XP level 14. HP: 107/107 MP: 25/33
 31348 | Lair:5   | Reached skill level 13 in Conjurations
 32026 | Lair:1   | Killed snackwell's ghost
 32387 | D:9      | Killed Atlas's ghost
 32599 | D:4      | Killed Crazy Yiuf
 33118 | D:10     | Reached skill level 14 in Conjurations
 33447 | D:10     | Found an ancient bone altar of Kikubaaqudgha.
 34005 | D:10     | Reached ***** piety under Vehumet
 34014 | D:10     | Offered knowledge of Iron Shot by Vehumet.
 34022 | D:10     | Learned a level 6 spell: Iron Shot
 34136 | D:10     | Identified the ring "Puetseff" {rElec rF+ rC+ Int+4 Dex+6}
 34358 | D:10     | Identified the ring of Dissent {rCorr Str+4 Dex+6}
 34500 | D:11     | Reached skill level 15 in Conjurations
 34804 | D:11     | Noticed Fannar
 34822 | D:11     | Killed Fannar
 36359 | D:12     | Reached skill level 16 in Conjurations
 36687 | D:12     | Found Bocedgh's Island Escapes.
 37300 | D:12     | Found a staircase to the Orcish Mines.
 37367 | D:12     | Reached skill level 1 in Fire Magic
 37721 | D:12     | Bought a scroll of blinking for 90 gold pieces
 37721 | D:12     | Bought a scroll of teleportation for 36 gold pieces
 37759 | Orc:1    | Entered Level 1 of the Orcish Mines
 38243 | Orc:1    | Noticed Harold
 38255 | Orc:1    | Killed Harold
 38395 | Orc:2    | Entered Level 2 of the Orcish Mines
 38434 | Orc:2    | Slain by a two-headed ogre

Illustrated notes

Levels and vault maps discovered:
D:1:      dpeg_arrival_round_a, layout_basic, basic_ecumenical_altar,
          serial_curves, eino_curves_03, eino_curves_01,
          nicolae_figureground_sparkle
D:2:      layout_loops_ring
D:3:      layout_rooms, minmay_misc_feat_tower, minmay_circle_x
D:4:      minmay_opposing_rooms, layout_loops_ring, lemuel_doored_altar,
          nicolae_ossuary_entry_monument, serial_shops, nicolae_square_shop,
          uniq_edmund, uniq_grinder, uniq_crazy_yiuf_cottage
D:5:      layout_loops_ring, mainiacjoe_overflow_boulevard, grunt_ministairs_15,
          kennysheep_generic_room_3, uniq_blork_the_orc
D:6:      layout_basic, hangedman_decor_peaks_small, minmay_misc_feat_encased,
          nrook_mini_vaults, minmay_strange_pillars, uniq_maggie
D:7:      layout_cave_pools, overflow_temple_1_default,
          minmay_temple_entry_glass
D:8:      layout_gridville, serial_shops, nicolae_shop_advertising_works
          [nicolae_subvault_shop_adworks], minmay_mini_ossuary
D:9:      layout_small_grid, mainiacjoe_overflow_concentric_impassable,
          grunt_temple_overflow_open, due_lair_maze_entry_diamond,
          ebering_ghost_disaster_area, serial_shops, nicolae_shop_statue_plus,
          uniq_grum
D:10:     minmay_the_grid_triangle_9x9_recursive_2_mashed
          [minmay_the_grid_triangle_9x9_prize_special,
          minmay_the_grid_triangle_9x9_warning,
          minmay_the_grid_triangle_9x9_pentomino_pain,
          minmay_the_grid_triangle_9x9_skeleton], layout_basic, minitemple,
          mainiacjoe_overflow_six_doors_small, mainiacjoe_overflow_alcove_4
D:11:     layout_roguey, blue_anna_alchemist, uniq_fannar
D:12:     layout_cross, nicolae_island_escapes
Temple:   corrupted_temple
Lair:1:   layout_long_grid, maelrawn_ghost_gauntlet_escape, beast_lair_carwin_9
Lair:2:   nzn_winding_woodlands_cross [nzn_winding_woodlands_5x15_pool,
          nzn_winding_woodlands_5x15_jagged,
          nzn_winding_woodlands_5x15_pathside_ponds,
          nzn_winding_woodlands_5x15_twine,
          nzn_winding_woodlands_15x15_eel_pit], layout_misc_corridors
Lair:3:   layout_chaotic_city, swamp_mist_pool,
          hellmonk_spider_entry_life_and_decay, minmay_shattered_shrine
Lair:4:   layout_cellular_growth, grunt_megastairs_1, infiniplex_staircase_pool
Lair:5:   grunt_lair_end_beastmaster, layout_concentric_octagons,
          dpeg_slime_entry_enclosed, portal_ice_cave_entry_imps,
          infiniplex_staircase_pool_2, grunt_megastairs_3
Orc:1:    layout_caves, uniq_harold
Orc:2:    st_orc_ogre_mass, layout_diamond_mine, special_room,
          guppyfry_library_mini

Skill      XL: |  1  2  3  4  5  6  7  8  9 10 11 12 13 14 |
---------------+-------------------------------------------+-----
Spellcasting   | 3 4 5 6 9 10 14 15 | 15.0
Conjurations   | 5 6 7 8 10 11 12 16 | 16.1
Hexes          | 2 4 5 |  5.0
Dodging        | 5 10 12 | 12.0
Fighting       | 5 |  5.0
Fire Magic     | 3 |  3.4
Stealth        | |  1.8

Action                   |  1- 3 |  4- 6 |  7- 9 | 10-12 | 13-15 || total
-------------------------+-------+-------+-------+-------+-------++-------
Melee: Unarmed           |    51 |    18 |       |       |       ||    69
       Tailslap          |     6 |     6 |     1 |     1 |     6 ||    20
       Staff             |       |    20 |    15 |     8 |    10 ||    53
       Punch             |       |       |       |     1 |       ||     1
       Trident           |       |       |       |       |     1 ||     1
 Cast: Magic Dart        |    88 |   146 |   375 |   181 |   205 ||   995
       Fulminant Prism   |       |       |    29 |   179 |   351 ||   559
       Iron Shot         |       |       |       |       |     4 ||     4
 Abil: Breathe Fire      |       |       |       |       |     3 ||     3
Evoke: Wand              |       |       |       |     2 |     9 ||    11
  Use: Scroll            |       |     9 |     6 |    10 |     3 ||    28
       Potion            |       |     6 |     8 |     1 |     6 ||    21
 Stab: Sleeping          |       |       |     1 |       |       ||     1
Armor: Skin              |    27 |    33 |    73 |    91 |    90 ||   314
Dodge: Dodged            |    45 |    52 |   102 |   175 |   285 ||   659
Block: Other             |       |       |       |    16 |    90 ||   106
       Reflection        |       |       |       |       |    10 ||    10

Table legend: (Time is in decaauts)
 A = Elapsed time spent in this place.
 B = Non-inter-level travel time spent in this place.
 C = Inter-level travel time spent in this place.
 D = Time resting spent in this place.
 E = Time spent auto-exploring this place.
 F = Levels seen in this place.
 G = Mean time per level.
                   A        B        C        D        E       F      G
               +--------+--------+--------+--------+--------+-----+--------+
         Total |  38488 |  36709 |   1779 |  10976 |  19766 |  22 | 1749.5 |
       Dungeon |  24113 |  22864 |   1249 |   6112 |  13094 |  12 | 2009.4 |
        Temple |     42 |     30 |     12 |      0 |     23 |   1 |   42.0 |
          Lair |  12835 |  12332 |    503 |   3940 |   6374 |   5 | 2567.0 |
  Orcish Mines |    337 |    322 |     15 |      0 |    248 |   2 |  168.5 |
       Ossuary |      4 |      4 |      0 |      0 |      0 |   1 |    4.0 |
      Ice Cave |   1154 |   1154 |      0 |    924 |     26 |   1 | 1154.0 |
               +--------+--------+--------+--------+--------+-----+--------+

Top non-repeatable levels by time:
     D:6: 4022 daAuts
  Lair:3: 2954 daAuts
     D:9: 2859 daAuts
  Lair:4: 2800 daAuts
    D:10: 2691 daAuts
  Lair:1: 2472 daAuts
  Lair:5: 2428 daAuts
     D:8: 2342 daAuts
  Lair:2: 2179 daAuts
     D:5: 2064 daAuts
    D:11: 1884 daAuts
     D:4: 1781 daAuts
     D:1: 1742 daAuts
     D:2: 1339 daAuts
     D:3: 1276 daAuts
